 Dungeon Crawl Stone Soup version 0.31-a0-844-gdc52ec4e09 (webtiles) character file.

Game seed: 16879845029384983044

109 LeprechaunX the Changeling (level 4, -2/29 HPs)
             Began as an Octopode Shapeshifter on Sept 28, 2023.
             Slain by an orc
             ... wielding a +2 flail of protection
              (5 damage)
             ... on level 3 of the Dungeon.
             The game lasted 00:01:50 (1595 turns).

LeprechaunX the Changeling (Octopode Shapeshifter)  Turns: 1595, Time: 00:01:52

Health: -2/29      AC:  1    Str: 15    XL:     4   Next: 89%
Magic:  4/4        EV: 13    Int: 12    God:
Gold:   162        SH:  0    Dex: 11    Spells: 3/3 levels left

rFire   . . .        k - +1 spear of Misery {flame, Fly rC+}
rCold   + . .        (no shield)
rNeg    . . .        (helmet currently unavailable)
rPois   .            (no amulet)
rElec   .            (no ring)
rCorr   .            (no ring)
SInv    .            (no ring)
Will    .....        (no ring)
Stlth   ++           (no ring)
HPRegen 0.24/turn    (no ring)
MPRegen 0.09/turn    (no ring)
                     (no ring)

%: no passive effects
@: beast-form, flying
A: beast (slay +2), almost no armour, amphibious, 8 rings, camouflage 1,
gelatinous body 1, (nimble swimmer 1), tentacles
a: Begin Untransformation


You were on level 3 of the Dungeon.
You were a hulking beast.
You visited 1 branch of the dungeon, and saw 3 of its levels.

You collected 162 gold pieces.

Inventory:

Hand Weapons
 k - the +1 spear of Misery (weapon) {flame, Fly rC+}
   (You found it on level 2 of the Dungeon)

   rC+:       It protects you from cold.
   Fly:       It grants you flight.
Talismans
 b - a beast talisman (active)
 c - a flux talisman
Scrolls
 d - a scroll of enchant armour {unknown}
 e - 2 scrolls of immolation
 f - 4 scrolls of identify {unknown}
 h - 2 scrolls of amnesia {unknown}
 i - a scroll of blinking {unknown}
Potions
 a - a potion of lignification
 g - a potion of enlightenment


   Skills:
 + Level 2.0 Fighting
 + Level 2.7 Dodging
 + Level 3.6 Unarmed Combat
 * Level 4.0 Shapeshifting


You had 3 spell levels left.
You didn't know any spells.
Your spell library contained the following spells:

 Spells                   Type           Power      Damage    Failure   Level
 Summon Small Mammal      Summ           0%         N/A       32%         1
 Sublimation of Blood     Necr           0%         N/A       45%         2
 Call Canine Familiar     Summ           0%         N/A       69%         3
 Summon Guardian Golem    Hex/Summ       0%         N/A       69%         3
 Petrify                  Tmut/Erth      0%         N/A       97%         4
 Irradiate                Conj/Tmut      0%         3d11      100%        5


Dungeon Overview and Level Annotations

Branches:
Dungeon (3/15)

Altars:


Innate Abilities, Weirdness & Mutations

You are a hulking beast.
Your limbs bulge with bestial killing power. (Slay +2)
You cannot wear most types of armour.
You are amphibious.
You can wear up to eight rings at the same time.
Your skin changes colour to match your surroundings (Stealth+).
Your rubbery body absorbs attacks. (AC +1, EV +1)
((You are camouflaged when in or above water. (Stealth+)))
You have tentacles for arms and can constrict up to eight enemies at once.


Message History

You hit the orc. You burn the orc. Your grab misses the orc.
You squeeze the orc.
You kill the orc!
You reach to attack!
You hit the orc priest. You burn the orc priest.
The orc priest is lightly wounded.
You hit the orc priest but do no damage.
You grab the orc priest. You squeeze the orc priest.
The orc priest is heavily wounded.
You constrict the orc priest.
The orc priest invokes the aid of Beogh against you.
Pain shoots through your body!
You hit the orc priest. You burn the orc priest.
You kill the orc priest!
The orc hits you with a +2 flail of protection!
The orc hits you with a +0 hand axe. The orc closely misses you.
The orc hits you with a +0 hand axe.
Your Fighting skill increases to level 2!
Your Shapeshifting skill increases to level 4!
You are too injured to fight recklessly!
You are too injured to fight recklessly!
You are too injured to fight recklessly!
You are too injured to fight recklessly!
You are too injured to fight recklessly!
You hit the orc. You burn the orc. You grab the orc.
You squeeze the orc, but do no damage.
The orc is moderately wounded.
You constrict the orc. The orc misses you.
The orc hits you with a +2 flail of protection.
* * * LOW HITPOINT WARNING * * *
You hit the orc but do no damage. You squeeze the orc.
The orc is severely wounded.
You constrict the orc, but do no damage.
The orc barely misses you. x2
You hit the orc but do no damage. You squeeze the orc, but do no damage.
The orc is severely wounded.
You constrict the orc, but do no damage.
The orc hits you with a +0 hand axe.
* * * LOW HITPOINT WARNING * * *
The orc hits you with a +2 flail of protection.
You die...

#.....#.#.#
#.......#.#
#####...#####.#
..............#
.........######
.......).#
.........#
.........#
........h#
.......o)o...#
.............#
.............#
............#
####+#......#
#......#
#####+##


You could see 2 orcs.

Vanquished Creatures
  An orc priest (D:3)
  An orc wizard (D:2)
  An adder (D:2)
  4 orcs
  4 ball pythons
  4 endoplasms
  2 giant cockroaches
  A goblin (D:1)
  4 hobgoblins
  6 bats
  2 frilled lizards
  7 kobolds
  3 rats
40 creatures vanquished.

Notes
Turn   | Place    | Note
-------+----------+-------------------------------------------
     0 | D:1      | LeprechaunX the Octopode Shapeshifter began the quest for
                  | the Orb.
     0 | D:1      | Reached XP level 1. HP: 13/13 MP: 1/1
    69 | D:1      | Found a faded altar of an unknown god.
   204 | D:1      | Reached XP level 2. HP: 18/18 MP: 2/2
   662 | D:2      | Reached XP level 3. HP: 2/23 MP: 3/3
   778 | D:2      | Identified the +1 spear of Misery {flame, Fly rC+}
  1201 | D:2      | Reached XP level 4. HP: 20/29 MP: 4/4
  1593 | D:3      | Reached skill level 4 in Shapeshifting
  1595 | D:3      | Slain by an orc

Illustrated notes

Levels and vault maps discovered:
D:1:      zelgadis_glass_arrival_small, layout_basic,
          hellmonk_ecumenical_altar_blasted
D:2:      layout_loops_cross, minmay_gold_behind_fungi, minmay_misc_feat_rows
D:3:      layout_basic

Skill      XL: |  1  2  3  4 |
---------------+-------------+-----
Fighting       | 2 |  2.0
Shapeshifting  | 4 |  4.0
Dodging        | |  2.7
Unarmed Combat | |  3.6

Action                     |  1- 3 |  4- 6 || total
---------------------------+-------+-------++-------
  Melee: Unarmed           |    45 |       ||    45
         Constrict         |    19 |     5 ||    24
         Tentacles         |    12 |     6 ||    18
         Punch             |     3 |       ||     3
         Spear             |    16 |    19 ||    35
    Use: Potion            |     4 |       ||     4
   Stab: Sleeping          |     3 |     2 ||     5
 Armour: Skin              |    28 |     8 ||    36
  Dodge: Dodged            |    36 |     7 ||    43

Table legend: (Time is in decaauts)
 A = Elapsed time spent in this place.
 B = Non-inter-level travel time spent in this place.
 C = Inter-level travel time spent in this place.
 D = Time resting spent in this place.
 E = Time spent auto-exploring this place.
 F = Levels seen in this place.
 G = Mean time per level.
                   A        B        C        D        E       F      G
               +--------+--------+--------+--------+--------+-----+--------+
         Total |   1577 |   1518 |     59 |     89 |   1164 |   3 |  525.7 |
       Dungeon |   1577 |   1518 |     59 |     89 |   1164 |   3 |  525.7 |
               +--------+--------+--------+--------+--------+-----+--------+

Top non-repeatable levels by time:
     D:2: 881 daAuts
     D:1: 540 daAuts
     D:3: 155 daAuts
